 Dungeon Crawl Stone Soup version 0.25.0-8-gfd19cd77bd (webtiles) character file.

Game seed: 4112514137511815935

49 DeadF the Sneak (level 3, -4/14 HPs)
             Began as a Felid Enchanter on June 16, 2020.
             Killed from afar by Sigmund (10 damage)
             ... with a magic dart
             ... on level 2 of the Dungeon.
             The game lasted 00:04:28 (2314 turns).

DeadF the Sneak (Felid Enchanter)                   Turns: 2314, Time: 00:04:29

Health: -4/14      AC:  1    Str:  4    XL:     3   Next: 53%
Magic:  1/7        EV: 19    Int: 16    God:
Gold:   77         SH:  0    Dex: 17    Spells: 3/6 levels left
                                        Lives:  0   Deaths: 0

rFire    . . .     SeeInvis +     - Unarmed
rCold    . . .     Gourm    .   (shield unavailable)
rNeg     . . .     Faith    .   (armour unavailable)
rPois    .         Spirit   .   (helmet unavailable)
rElec    .         Reflect  .   (cloak unavailable)
rCorr    .         Harm     .   (gloves unavailable)
MR       .....                  (boots unavailable)
Stlth    ++++......             (no amulet)
HPRegen  0.04/turn              a - ring of see invisible
MPRegen  0.10/turn              (no ring)

@: quick
A: very small, no armour, no weapons or thrown items, stealth, claws 1, fangs 3,
see invisible, carnivore, speed 1, shaggy fur 1, slow metabolism 1, sharp paws
a: no special abilities


You were on level 2 of the Dungeon.
You were full.

You visited 1 branch of the dungeon, and saw 2 of its levels.

You collected 77 gold pieces.

Inventory:

Jewellery
 a - a ring of see invisible (left paw)
Potions
 c - a potion of might {unknown}
 d - a potion of lignification {unknown}
 e - a potion of heal wounds {unknown}
 f - a potion of berserk rage {unknown}
Comestibles
 b - 2 rations


   Skills:
 + Level 4.2 Dodging
 + Level 5.3 Stealth
 - Level 1.0 Unarmed Combat
 - Level 2.0 Spellcasting
 - Level 4.4 Hexes


You had 3 spell levels left.
You knew the following spells:

 Your Spells              Type           Power        Failure   Level  Hunger
a - Corona                Hex            ###....      3%          1    #......
b - Ensorcelled Hibernat  Hex/Ice        #.....       13%         2    ###....

Your spell library contained the following spells:

 Spells                   Type           Power        Failure   Level  Hunger
 Confusing Touch          Hex            ###.....     11%         3    ###....
 Tukima's Dance           Hex            ###.....     11%         3    ###....
 Dazzling Flash           Conj/Hex       #.....       26%         3    ###....


Dungeon Overview and Level Annotations

Branches:
Dungeon (2/15)

Altars:

Annotations:
D:2 Sigmund


Innate Abilities, Weirdness & Mutations

You cannot wear armour.
You are incapable of wielding weapons or throwing items.
Your paws allow you to move quietly. (Stealth)
You have sharp claws.
You have razor-sharp teeth.
You have supernaturally acute eyesight. (SInv)
You are carnivorous and can eat meat at any time.
You cover ground quickly.
You are covered in fur. (AC +1)
You have a slow metabolism.
Your sharp claws are effective at attacking unaware monsters.


Message History

Aiming: Ensorcelled Hibernation (safe; 13% risk of failure)
Press: ? - help, Shift-Dir - straight line, f/p - hobgoblin
Aim: a hobgoblin (heavily wounded, chance to defeat MR: 57%)
The hobgoblin resists with significant effort.
Casting: Ensorcelled Hibernation (safe; 13% risk of failure)
Confirm with . or Enter, or press ? or * to list all spells.
Aiming: Ensorcelled Hibernation (safe; 13% risk of failure)
Press: ? - help, Shift-Dir - straight line, f/p - hobgoblin
Aim: a hobgoblin (heavily wounded, chance to defeat MR: 57%)
The hobgoblin resists with significant effort.
Casting: Ensorcelled Hibernation (safe; 13% risk of failure)
Confirm with . or Enter, or press ? or * to list all spells.
Aiming: Ensorcelled Hibernation (safe; 13% risk of failure)
Press: ? - help, Shift-Dir - straight line, f/p - hobgoblin
Aim: a hobgoblin (heavily wounded, chance to defeat MR: 57%)
The hobgoblin resists with significant effort.
Sigmund casts a spell at you. The magic dart hits you!
Ouch! That really hurt!
You die...

#................#.#....#####
####.........##.....#.#....##...
##....#'#########<####....#.##...
#.....#.#...........#####.#.##...
#.....#.#...........# #.#..'...
......#.#...........# #.####...
.###.##.#.....†.....# ###'#......
.###.##.#...........###.....##.#.
........'.....g.@...'.'.......>.)
........#...........###........#.
......###...........###........#.
....#...'..@........+..........#.
...g#####...[.......(######....#.
....# ############....###....#.
...@####### ##.......##.#<
..........# #..≈≈≈≈.##...
........... #..≈≈≈≈P.....


You could see Sigmund (invisible) and a hobgoblin.

Vanquished Creatures
  2 adders (D:2)
  An ooze (D:2)
  A dart slug (D:2)
  2 ball pythons
  3 giant cockroaches
  5 hobgoblins
  3 bats (D:1)
  2 giant cockroach zombies (D:2)
  A goblin (D:2)
  2 jackal skeletons (D:2)
  A jackal zombie (D:2)
  2 kobolds (D:2)
25 creatures vanquished.

Notes
Turn   | Place    | Note
-------+----------+-------------------------------------------
     0 | D:1      | DeadF the Felid Enchanter began the quest for the Orb.
     0 | D:1      | Reached XP level 1. HP: 7/7 MP: 4/4
     2 | D:1      | Noticed a demigod
     2 | D:1      | Noticed a draconian
     4 | D:1      | Noticed a demonspawn
     4 | D:1      | Noticed an ogre
     6 | D:1      | Noticed a vine stalker
     6 | D:1      | Noticed a tengu
     8 | D:1      | Noticed a naga
    10 | D:1      | Noticed an elf
    10 | D:1      | Noticed an octopode
    12 | D:1      | Noticed a vampire
    14 | D:1      | Noticed a felid
    16 | D:1      | Noticed a gargoyle
    16 | D:1      | Noticed a spriggan
    18 | D:1      | Noticed a ghoul
    18 | D:1      | Noticed a centaur
    20 | D:1      | Noticed a formicid
    22 | D:1      | Noticed a halfling
    22 | D:1      | Noticed a human
    24 | D:1      | Noticed a troll
    24 | D:1      | Noticed a dwarf
    26 | D:1      | Noticed a merfolk
    26 | D:1      | Noticed a minotaur
   938 | D:1      | Reached XP level 2. HP: 11/11 MP: 6/6
  1350 | D:2      | Learned a level 2 spell: Ensorcelled Hibernation
  1624 | D:2      | Reached skill level 5 in Stealth
  1624 | D:2      | Reached XP level 3. HP: 13/14 MP: 3/7
  2282 | D:2      | Noticed Sigmund
  2314 | D:2      | Killed from afar by Sigmund

Illustrated notes

Levels and vault maps discovered:
D:1:      kb_arrival_jail, layout_basic
D:2:      layout_basic, serial_undead, serial_undead_f, serial_undead_c,
          serial_undead_e, serial_undead_f, chequers_serial_rivers_room_b,
          minivault_14, chequers_serial_rivers_large_b, uniq_sigmund

Skill      XL: |  1  2  3 |
---------------+----------+-----
Dodging        | 3 4 |  4.2
Stealth        | 5 |  5.3
Unarmed Combat | |  1.0
Spellcasting   | |  2.0
Hexes          | |  4.4

Action                   || total
-------------------------++-------
Melee: Unarmed           ||   124
       Bite              ||    13
       Punch             ||     1
 Cast: Corona            ||     9
       Ensorcelled Hiber ||    12
 Stab: Sleeping          ||     9
  Eat: Chunk             ||     7
Armor: Skin              ||     7
Dodge: Dodged            ||   111
